 Dungeon Crawl Stone Soup version 0.31-a0-1068-g5939ac1fb6 (webtiles) character file.

Game seed: 15105573917522838770

1732 kae the Firebug (level 8, -3/47 HPs)
             Began as a Deep Elf Fire Elementalist on Nov 23, 2023.
             Killed from afar by an electric eel (13 damage)
             ... with a bolt of electricity
             ... on level 7 of the Dungeon.
             The game lasted 00:03:53 (6664 turns).

kae the Firebug (Deep Elf Fire Elementalist)        Turns: 6664, Time: 00:03:54

Health: -3/47      AC:  4    Str:  5    XL:     8   Next: 76%
Magic:  16/19      EV: 19    Int: 23    God:
Gold:   316        SH:  5    Dex: 15    Spells: 7/20 levels left

rFire   . . .        r - +3 dagger (drain)
rCold   . . .        (no shield)
rNeg    . . .        a - +0 robe
rPois   .            (no helmet)
rElec   .            (no cloak)
rCorr   +            q - +0 pair of gloves
SInv    .            n - +0 pair of boots
Will    .....        i - amulet of reflection
Stlth   +            R - ring of resist corrosion
HPRegen 0.27/turn    E - +5 ring of evasion
MPRegen 0.16/turn

%: reflection
@: very slow
A: no striking features
a: no special abilities


You were on level 7 of the Dungeon.
You visited 1 branch of the dungeon, and saw 7 of its levels.

You collected 316 gold pieces.


   Skills:
 + Level 3.6 Fighting
 + Level 5.9 Dodging
 - Level 2.4 Stealth
 + Level 6.5 Spellcasting
 + Level 5.0 Conjurations
 * Level 7.9 Fire Magic


You had 7 spell levels left.
You knew the following spells:

 Your Spells              Type           Power      Damage    Failure   Level
a - Foxfire               Conj/Fire      100%       2x1d9     1%          1
b - Scorch                Fire           88%        2d8       1%          2
c - Inner Flame           Hex/Fire       25%        N/A       4%          3
d - Volatile Blastmotes   Fire/Tloc      50%        2d14      4%          3
e - Flame Wave            Conj/Fire      37%        2d10      5%          4

Your spell library contained the following spells:

 Spells                   Type           Power      Damage    Failure   Level
 Sting                    Tmut/Pois      28%        1d4       9%          1
 Ignite Poison            Fire/Tmut/Pois 19%        N/A       9%          3
 Cigotuvi's Dreadful Rot  Necr/Pois/Air  14%        N/A       12%         2
 Lesser Beckoning         Tloc           14%        N/A       12%         2
 Poisonous Vapours        Pois/Air       14%        N/A       12%         2
 Gell's Gravitas          Tloc           7%         N/A       24%         3
 Teleport Other           Tloc           7%         N/A       24%         3
 Olgreb's Toxic Radiance  Pois           7%         N/A       63%         4
 Freezing Cloud           Conj/Ice/Air   7%         6-21      75%         5

Inventory:

Hand Weapons
 r - a +3 dagger of draining (weapon)
   (You took it off a kobold brigand on level 4 of the Dungeon)
Missiles
 c - 49 stones
 d - 4 poisoned darts
 s - 8 boomerangs
 v - a throwing net {=f!f}
Armour
 a - a +0 robe (worn)
 n - a +0 pair of boots (worn)
   (You found it on level 3 of the Dungeon)
 q - a +0 pair of gloves (worn)
   (You found it on level 4 of the Dungeon)
Magical Staves
 t - a staff of death {!a}
   (You found it on level 7 of the Dungeon)
Jewellery
 i - an amulet of reflection (around neck)
   (You found it on level 2 of the Dungeon)
 E - a +5 ring of evasion (right hand)
   (You found it on level 5 of the Dungeon)
 R - a ring of resist corrosion (left hand)
   (You found it on level 1 of the Dungeon)
Wands
 m - a wand of charming (7)
   (You took it off a kobold brigand on level 4 of the Dungeon)
 y - a wand of acid (25)
   (You found it on level 6 of the Dungeon)
Scrolls
 g - a scroll of fog
 p - 2 scrolls of teleportation {@r4}
Potions
 b - 3 potions of magic
 e - a potion of mutation {!q}
 f - a potion of cancellation
 h - a potion of ambrosia
 j - a potion of heal wounds {@q2}
 k - a potion of degeneration {unknown}
 l - 2 potions of enlightenment
 o - 2 potions of curing {@q1}
 z - a potion of attraction {!q}

Dungeon Overview and Level Annotations

Branches:
Dungeon (7/15) Zot: 26741
 Temple: D:4-7

Altars:
Cheibriados
Elyvilon
Gozag
Hepliaklqana
Nemelex Xobeh
Okawaru
Qazlal
Wu Jian
Xom
Yredelemnul
The Shining One

Annotations:
D:4 3 runed translucent doors, kae's ghost, amateur DsEn

≈≈≈≈≈~~~~~~~♣~..##
≈≈≈≈≈≈≈~~~♣~P♣♣..#
≈≈≈≈≈≈≈≈~~~P~P♣~.#
≈≈≈≈≈≈≈≈~~~~~~♣~.#
≈S≈≈≈≈≈≈~~~~~~♣♣.#
≈≈≈≈≈~~~~PP~~♣♣#.#
≈≈≈≈≈≈~§P~~~♣♣...#
≈~≈P~~~S~~♣♣##.###
~~~~~~♣♣@♣~# #.#
♣♣~~~♣ ♣~### #.#
~P~P~#########.##
##.. .........#.##
## #######.###.###
#....## ##..#
#.###.###.#.# #.#
##.#.##.# #.#
##.###.#


You could see 2 electric eels.


Message History

The electric eel shoots out a bolt of lightning at you!
The bolt of electricity hits the plant.
The plant begins to die.
The bolt of electricity hits the plant!
The plant begins to die.
The bolt of electricity misses you.
A nearby plant withers and dies. x2
The electric eel shoots out a bolt of lightning at you!
The bolt of electricity hits the plant.
The plant begins to die.
The bolt of electricity hits you! 😮 HP[-9]
You take 9 damage, and now have 28/46 hp.
An electric eel is nearby!
You start resting.
An electric eel is nearby! 😮 HP[+2]
You regained 2 hp, and now have 30/46 hp.
Casting: Foxfire (safe; 1% risk of failure)
Confirm with . or Enter, or press ? or * to list all spells.
Flames lash the electric eel.
The electric eel's fire resistance burns away.
The electric eel is engulfed in a cloud of scalding steam.
You kill the electric eel!
You hear a splash. 😮 MP[-2]
You lost 2 mp, and now have 17/19 mp.
Casting: Scorch (safe; 1% risk of failure)
Confirm with . or Enter, or press ? or * to list all spells.
You can't see any susceptible monsters within range! (Use Z to cast anyway.)
You start resting. 😮 HP[+3] MP[+2]
You regained 3 hp, and now have 33/46 hp.
Your mp is fully restored (19).
You enter the shallow water.
Moving in this stuff is going to be slow.
An electric eel comes into view.
The electric eel shoots out a bolt of lightning at you!
The bolt of electricity hits you! 😕 HP[+6]
You regained 6 hp, and now have 39/46 hp.
An electric eel is nearby!
An electric eel is nearby!
An electric eel is nearby!
Casting: Scorch (safe; 1% risk of failure)
Confirm with . or Enter, or press ? or * to list all spells.
You conjure some foxfire!
An electric eel comes into view.
The electric eel shoots out a bolt of lightning at you!
The bolt of electricity hits you!
The electric eel shoots out a bolt of lightning at you!
The bolt of electricity hits you!
* * * LOW HITPOINT WARNING * * *
The foxfire hits the electric eel! 😨 HP[-21] MP[-1]
You take 21 damage, and now have 18/46 hp.
MASSIVE DAMAGE!! (PAUSE)
You lost 1 mp, and now have 18/19 mp.
The foxfire hits the electric eel.
The electric eel is engulfed in a cloud of scalding steam.
You kill the electric eel!
Your Conjurations skill increases to level 5!
You now have 47 max hp (+1). 😨 HP[+1]
You start resting. 😨 MP[+1]
Your mp is fully restored (19).
Casting: Foxfire (safe; 1% risk of failure)
Confirm with . or Enter, or press ? or * to list all spells.
You can't see any susceptible monsters within range! (Use Z to cast anyway.) Unknown command.
Casting: Foxfire (safe; 1% risk of failure)
Confirm with . or Enter, or press ? or * to list all spells.
You conjure some foxfire!
The foxfire hits the electric eel. 😨 HP[+1] MP[-1]
You lost 1 mp, and now have 18/19 mp.
Casting: Foxfire (safe; 1% risk of failure)
Confirm with . or Enter, or press ? or * to list all spells.
You conjure some foxfire! 😨 MP[-1]
You lost 1 mp, and now have 17/19 mp.
An electric eel comes into view.
The electric eel shoots out a bolt of lightning at you!
The bolt of electricity hits the electric eel.
The electric eel completely resists.
The bolt of electricity hits you.
* * * LOW HITPOINT WARNING * * *
😨 HP[-5]
You take 5 damage, and now have 15/47 hp.
Casting: Foxfire (safe; 1% risk of failure)
Confirm with . or Enter, or press ? or * to list all spells.
Flames lash the electric eel.
The electric eel's fire resistance burns away.
The electric eel shoots out a bolt of lightning at you!
The bolt of electricity hits the electric eel.
The electric eel completely resists.
The bolt of electricity hits you.
* * * LOW HITPOINT WARNING * * *
The electric eel is engulfed in a cloud of scalding steam.
You are engulfed in a cloud of scalding steam.
The electric eel shoots out a bolt of lightning at you!
The bolt of electricity hits the electric eel.
The electric eel completely resists.
The bolt of electricity hits you!
You die...

Skill      XL: |  1  2  3  4  5  6  7  8 |
---------------+-------------------------+-----
Fire Magic     | 4 5 6 7 |  7.9
Dodging        | 3 4 5 |  5.9
Fighting       | 1 2 3 |  3.6
Conjurations   | 2 3 4 5 |  5.0
Spellcasting   | 4 5 6 |  6.5
Stealth        | |  2.4

Action                     |  1- 3 |  4- 6 |  7- 9 || total
---------------------------+-------+-------+-------++-------
   Cast: Foxfire           |    66 |    90 |    73 ||   229
         Scorch            |     7 |    18 |    37 ||    62
    Use: Scroll            |     5 |     3 |     7 ||    15
 Armour: Robe              |     8 |    45 |    41 ||    94
  Dodge: Dodged            |    12 |    36 |    36 ||    84
  Block: Other             |     2 |    14 |    10 ||    26
         Reflection        |     1 |       |     1 ||     2

Levels and vault maps discovered:
D:1:      matt_arrival_diagonals, layout_loops_corners,
          hellmonk_ecumenical_altar_pennies_from_heaven
D:2:      layout_loops_ring
D:3:      layout_basic, nrook_campfire
D:4:      layout_loops_corners, xom_redecorated,
          beargit_hepliaklqana_dungeon_heroes, nicolae_yredelemnul_ghost_church,
          amcnicky_altar_gilded, jmf_multi_god_temple
D:5:      layout_basic, mainiacjoe_overflow_chevrons,
          nicolae_elevator_lobby_asterisk
D:6:      layout_gridville, tso_oasis_becter, grunt_gozag_breadcrumbs,
          okawaru_metal_pillars_1_2, nemelex_diamond_rough_becter
D:7:      layout_loops_ring, minmay_temple_entry_offerings, serial_bayou,
          serial_bayou_lake_a, serial_bayou_pond_a, serial_bayou_pond_a,
          serial_bayou_crossing, nrook_mini_vaults, minivault_27

Notes
Turn   | Place    | Note
-------+----------+-------------------------------------------
     0 | D:1      | kae the Deep Elf Fire Elementalist began the quest for the
                  | Orb.
     0 | D:1      | Reached XP level 1. HP: 10/10 MP: 6/6
     0 | D:1      | magus.rc [v1.11.3]
    98 | D:1      | HP: 2/10 [quokka (3)]
   240 | D:1      | Reached XP level 2. HP: 15/15 MP: 6/8
   251 | D:1      | Learned a level 2 spell: Scorch
   524 | D:1      | Found a faded altar of an unknown god.
   840 | D:1      | Reached XP level 3. HP: 20/20 MP: 6/9
  1725 | D:3      | Reached skill level 4 in Fire Magic
  1782 | D:3      | Reached skill level 3 in Dodging
  1829 | D:3      | Reached skill level 1 in Fighting
  1829 | D:3      | Reached skill level 2 in Conjurations
  1829 | D:3      | Reached XP level 4. HP: 25/25 MP: 5/11
  2218 | D:3      | Learned a level 3 spell: Inner Flame
  2222 | D:3      | Learned a level 3 spell: Volatile Blastmotes
  2437 | D:4      | Found a snail-covered altar of Cheibriados.
  2557 | D:4      | Noticed a phantom
  2566 | D:4      | Killed a phantom
  2567 | D:4      | Reached skill level 4 in Spellcasting
  2567 | D:4      | Reached XP level 5. HP: 15/29 MP: 4/13
  2664 | D:4      | You pick up a book of Displacement and begin reading...
  2664 | D:4      | You add the spells Lesser Beckoning, Gell's Gravitas and
                  | Teleport Other to your library.
  2665 | D:4      | Found an ornate altar of the Wu Jian Council.
  2694 | D:4      | Found a stormy altar of Qazlal.
  2912 | D:4      | Found a shimmering altar of Xom.
  2912 | D:4      | Found a shimmering altar of Xom.
  2912 | D:4      | Found a shimmering altar of Xom.
  2929 | D:4      | Reached skill level 5 in Fire Magic
  2929 | D:4      | Reached XP level 6. HP: 35/35 MP: 9/14
  2948 | D:4      | Found a shimmering altar of Xom.
  2966 | D:4      | Found a shimmering altar of Xom.
  3123 | D:4      | Reached skill level 3 in Conjurations
  3528 | D:4      | Reached skill level 2 in Fighting
  3528 | D:4      | Reached skill level 4 in Dodging
  3769 | D:4      | Found a runed translucent gate.
  3769 | D:4      | Found a runed translucent gate.
  3769 | D:4      | Found a runed translucent gate.
  3769 | D:4      | Noticed kae's ghost (amateur DsEn)
  3773 | D:4      | Found a basalt altar of Yredelemnul.
  3927 | D:4      | Reached XP level 7. HP: 40/40 MP: 10/16
  3989 | D:4      | Found a faded altar of an unknown god.
  3999 | D:4      | Found a hazy altar of Hepliaklqana.
  4166 | D:5      | Entered Level 5 of the Dungeon
  4195 | D:5      | HP: 7/40 [iguana (13)]
  4197 | D:5      | Reached skill level 5 in Spellcasting
  4421 | D:5      | Reached skill level 6 in Fire Magic
  4544 | D:5      | HP: 10/40 [poisoned by a scorpion]
  4549 | D:5      | HP: 7/40 [poisoned by a scorpion]
  4679 | D:5      | Found a white marble altar of Elyvilon.
  4755 | D:5      | Learned a level 4 spell: Flame Wave
  5064 | D:5      | You pick up a book of Displacement and begin reading...
  5081 | D:5      | Reached skill level 4 in Conjurations
  5162 | D:6      | HP: 10/40 [scorpion (4)]
  5164 | D:6      | Reached skill level 5 in Dodging
  5164 | D:6      | HP: 4/40 [scorpion (4)]
  5168 | D:6      | Reached XP level 8. HP: 5/45 MP: 1/18
  5421 | D:6      | You add the spells Cigotuvi's Dreadful Rot, Ignite Poison
                  | and Freezing Cloud to your library.
  5444 | D:6      | Found a glowing golden altar of the Shining One.
  5461 | D:6      | Reached skill level 3 in Fighting
  5574 | D:6      | You add the spells Sting, Poisonous Vapours and Olgreb's
                  | Toxic Radiance to your library.
  5593 | D:6      | Reached skill level 7 in Fire Magic
  5758 | D:6      | Found an iron altar of Okawaru.
  5792 | D:6      | Reached skill level 6 in Spellcasting
  5851 | D:6      | Found an opulent altar of Gozag.
  6155 | D:6      | Found a sparkling altar of Nemelex Xobeh.
  6656 | D:7      | Reached skill level 5 in Conjurations
  6663 | D:7      | HP: 10/47 [electric eel/bolt of electricity (5)]
  6664 | D:7      | Killed from afar by an electric eel

Vanquished Creatures
  2 ice beasts
  2 ogres
  A centaur (D:6)
  A phantom (D:4)
  A kobold brigand (D:4)
  2 bullfrogs
  4 scorpions
  2 electric eels (D:7)
  2 jellies (D:4)
  3 hounds
  2 orc priests
  A sleepcap (D:6)
  A scorpion zombie (D:4)
  6 iguanas
  4 orc wizards
  A gnoll (D:1)
  8 adders
  A white imp (D:5)
  4 ufetubi
  An adder zombie (D:4)
  A worm (D:4)
  3 dart slugs
  12 orcs
  7 ball pythons
  4 endoplasms
  A giant cockroach (D:4)
  8 goblins
  2 hobgoblins
  3 jackals (D:3)
  8 kobolds
  6 quokkas
  3 bats
  4 frilled lizards
  5 rats
116 creatures vanquished.

Vanquished Creatures (collateral kills)
  3 foxfires (D:7)
3 creatures vanquished.

Vanquished Creatures (others)
  366 foxfires
366 creatures vanquished.

Grand Total: 485 creatures vanquished

Table legend:
 A = Non-vault XP
 B = Vault XP
 C = Vault XP percentage of total XP
 D = Non-vault monster count
 E = Vault monster count
 F = Vault count percentage of total count
                 A         B        C        D         E       F
            +---------+---------+-------+---------+---------+-------
      Total |    2277 |     198 |   8.0 |     111 |       5 |   4.3
            +---------+---------+-------+---------+---------+-------
        D:1 |      42 |       0 |   0.0 |      19 |       0 |   0.0
        D:2 |      19 |       0 |   0.0 |      10 |       0 |   0.0
        D:3 |      68 |       0 |   0.0 |      19 |       0 |   0.0
        D:4 |     511 |     198 |  27.9 |      27 |       5 |  15.6
        D:5 |     504 |       0 |   0.0 |      14 |       0 |   0.0
        D:6 |     760 |       0 |   0.0 |      17 |       0 |   0.0
        D:7 |     373 |       0 |   0.0 |       5 |       0 |   0.0
            +---------+---------+-------+---------+---------+-------

Skill      XL: |  1  2  3  4  5  6  7  8 |
---------------+-------------------------+-----
Fire Magic     | 4 5 6 7 |  7.9
Dodging        | 3 4 5 |  5.9
Fighting       | 1 2 3 |  3.6
Conjurations   | 2 3 4 5 |  5.0
Spellcasting   | 4 5 6 |  6.5
Stealth        | |  2.4

Action                     |  1- 3 |  4- 6 |  7- 9 || total
---------------------------+-------+-------+-------++-------
   Cast: Foxfire           |    66 |    90 |    73 ||   229
         Scorch            |     7 |    18 |    37 ||    62
    Use: Scroll            |     5 |     3 |     7 ||    15
 Armour: Robe              |     8 |    45 |    41 ||    94
  Dodge: Dodged            |    12 |    36 |    36 ||    84
  Block: Other             |     2 |    14 |    10 ||    26
         Reflection        |     1 |       |     1 ||     2

Illustrated notes

Table legend:
 A = Kills in this place as a percentage of kills in the entire game.
 B = Kills by you in this place as a percentage of kills by you in the entire game.
 C = Kills by friends in this place as a percentage of kills by friends in the entire game.
 D = Other kills in this place as a percentage of other kills in the entire game.
 E = Experience gained in this place as a percentage of experience gained in the entire game.
 F = Experience gained in this place divided by the number of levels of this place that you have seen.
                   A       B       C       D       E      F
               +-------+-------+-------+-------+-------+----------------------
         Total | 100.0 | 100.0 |   N/A |   N/A | 100.0 | 353.6
       Dungeon | 100.0 | 100.0 |   N/A |   N/A | 100.0 | 353.6
               +-------+-------+-------+-------+-------+----------------------

Table legend: (Time is in decaauts)
 A = Elapsed time spent in this place.
 B = Non-inter-level travel time spent in this place.
 C = Inter-level travel time spent in this place.
 D = Time resting spent in this place.
 E = Time spent auto-exploring this place.
 F = Levels seen in this place.
 G = Mean time per level.
                   A        B        C        D        E       F      G
               +--------+--------+--------+--------+--------+-----+--------+
         Total |   6675 |   6508 |    167 |     19 |   5601 |   7 |  953.6 |
       Dungeon |   6675 |   6508 |    167 |     19 |   5601 |   7 |  953.6 |
               +--------+--------+--------+--------+--------+-----+--------+

Top non-repeatable levels by time:
     D:4: 1729 daAuts
     D:6: 1268 daAuts
     D:1: 1039 daAuts
     D:5: 981 daAuts
     D:3: 716 daAuts
     D:2: 681 daAuts
     D:7: 257 daAuts
